 Dungeon Crawl Stone Soup version 0.26-a0-255-gd5f3108e62 (webtiles) character file.

Game seed: 12198501909552278873

957 kae the Cleaver (level 8, -2/73 HPs)
             Began as a Hill Orc Fighter on July 9, 2020.
             Slain by a wraith (8 damage)
             ... in an ossuary on July 15, 2020.
             The game lasted 00:03:46 (4848 turns).

kae the Cleaver (Hill Orc Fighter)                  Turns: 4848, Time: 00:03:46

Health: -2/73      AC:  7    Str: 21    XL:     8   Next: 14%
Magic:  8/8        EV:  7    Int:  8    God:
Gold:   156        SH:  8    Dex: 10    Spells: 7/7 levels left

rFire    . . .     SeeInvis +   a - +1 war axe
rCold    . . .     Faith    .   c - +0 kite shield
rNeg     . . .     Spirit   .   b - +0 scale mail
rPois    .         Reflect  .   r - +0 helmet
rElec    .         Harm     .   (no cloak)
rCorr    .                      (no gloves)
MR       .....                  (no boots)
Stlth    ..........             (no amulet)
HPRegen  0.22/turn              m - ring of see invisible
MPRegen  0.11/turn              (no ring)

@: slowed, drained, very slow
A: no striking features
a: no special abilities


You were in an ossuary.
You were not hungry.

You visited 1 branch of the dungeon, and saw 5 of its levels.
You also visited: Ossuary.

You collected 156 gold pieces.

Inventory:

Hand Weapons
 a - a +1 war axe (weapon)
Armour
 b - a +0 scale mail (worn)
 c - a +0 kite shield (worn)
 r - a +0 helmet (worn)
Jewellery
 l - an uncursed amulet of faith
 m - a ring of see invisible (left hand)
Wands
 w - a wand of iceblast (8)
Scrolls
 g - 4 scrolls of teleportation
 k - 3 scrolls of identify
 n - 3 scrolls of blinking
 t - 2 scrolls of magic mapping
 v - a scroll of remove curse
Potions
 d - 2 potions of might
 e - 5 potions of curing
 h - a potion of mutation
 i - 2 potions of cancellation
 j - a potion of brilliance {unknown}
 o - 2 potions of heal wounds {unknown}
 p - a potion of degeneration {unknown}
 q - 2 potions of ambrosia {unknown}
 s - a potion of berserk rage {unknown}
 u - a potion of invisibility {unknown}
Comestibles
 f - 16 rations


   Skills:
 + Level 7.2(6.2) Fighting
 * Level 10.0(9.0) Axes
 - Level 3.2(2.3) Armour
 - Level 3.2(2.3) Shields


You had 7 spell levels left.
You didn't know any spells.
Your spell library contained the following spells:

 Spells                   Type           Power        Failure   Level
 Freeze                   Ice            #...         99%         1
 Frozen Ramparts          Ice            #.....       100%        3
 Ozocubu's Armour         Chrm/Ice       #.......     100%        3
 Hailstorm                Conj/Ice       #.......     100%        4
 Summon Ice Beast         Ice/Summ       #.......     100%        4


Dungeon Overview and Level Annotations

Branches:
Dungeon (5/15)            Ossuary (1/1)
 Temple: D:4-7

Altars:
Ashenzari
Fedhas
Makhleb
Vehumet
Yredelemnul
Zin


Message History

You feel as though you will be slow longer.
You hit the wraith but do no damage.
The wraith is heavily damaged.
The wraith hits you but does no damage. You block the wraith's attack.
You hit the wraith but do no damage.
The wraith is heavily damaged.
The wraith closely misses you.
You closely miss the wraith.
The wraith is heavily damaged.
The wraith hits you but does no damage. x2
You closely miss the wraith.
The wraith is heavily damaged.
The wraith hits you.
* * * LOW HITPOINT WARNING * * *
The wraith hits you.
* * * LOW HITPOINT WARNING * * *
You closely miss the wraith.
The wraith is heavily damaged.
You block the wraith's attack. The wraith hits you!
You die...

#################
#...............#
#.@##..###..##).#
#.#W#..#z#..#.#.# ####### ###
#.###..###..###.# #.....# #W#
#...............#
#.8.8.#####▓###.###.......###.#
'.......'.....'.# #.......#z#.#
#.8.8.#####▓###.###.......###.#
#.....# #z# #...............#
####### ### #.###..###..###.#


You could see a wraith.

Vanquished Creatures
  Eustachio (D:5)
  An orc warrior (D:3)
  A phantom (D:4)
  An ogre (D:5)
  3 wights (Ossuary)
  A hound (D:3)
  3 orc wizards
  Jessica (D:2)
  10 gnolls
  3 adders
  2 oozes (D:2)
  2 adder zombies (Ossuary)
  11 worms
  4 dart slugs (D:1)
  A leopard gecko (D:2)
  8 orcs
  5 giant cockroaches
  6 goblins
  8 hobgoblins
  2 quokkas (D:3)
  4 ball pythons
  2 ball python skeletons (Ossuary)
  9 bats
  6 frilled lizards
  A goblin zombie (D:5)
  A hobgoblin skeleton (Ossuary)
  2 hobgoblin zombies (Ossuary)
  9 kobolds
  A kobold zombie (Ossuary)
  An orc zombie (Ossuary)
  12 rats
  A rat zombie (D:5)
123 creatures vanquished.

Notes
Turn   | Place    | Note
-------+----------+-------------------------------------------
     0 | D:1      | kae the Hill Orc Fighter began the quest for the Orb.
     0 | D:1      | Reached XP level 1. HP: 19/19 MP: 1/1
    66 | D:1      | Reached skill level 3 in Axes
   102 | D:1      | Reached XP level 2. HP: 27/27 MP: 2/2
   460 | D:1      | Reached skill level 4 in Axes
   668 | D:1      | Reached XP level 3. HP: 33/33 MP: 3/3
   793 | D:2      | Found a radiant altar of Vehumet.
   995 | D:2      | Found a blossoming altar of Fedhas.
  1252 | D:2      | Reached XP level 4. HP: 37/41 MP: 4/4
  1287 | D:2      | Reached skill level 5 in Axes
  1661 | D:2      | Noticed Jessica
  1666 | D:2      | Killed Jessica
  1704 | D:2      | Reached XP level 5. HP: 47/47 MP: 5/5
  1992 | D:3      | Noticed an orc warrior
  2003 | D:3      | Killed an orc warrior
  2003 | D:3      | Reached skill level 5 in Fighting
  2003 | D:3      | Reached skill level 6 in Axes
  2005 | D:3      | Reached XP level 6. HP: 32/56 MP: 6/6
  2261 | D:3      | Reached skill level 7 in Axes
  2398 | D:3      | Found a burning altar of Makhleb.
  3343 | D:4      | Reached skill level 8 in Axes
  3344 | D:4      | Reached XP level 7. HP: 42/63 MP: 7/7
  3776 | D:4      | Found a glowing silver altar of Zin.
  3776 | D:4      | Found a faded altar of an unknown god.
  3781 | D:4      | Found a faded altar of an unknown god.
  3783 | D:4      | Found a shattered altar of Ashenzari.
  3785 | D:4      | Found a basalt altar of Yredelemnul.
  4123 | D:5      | Entered Level 5 of the Dungeon
  4156 | D:5      | Reached skill level 9 in Axes
  4169 | D:5      | Noticed Eustachio
  4185 | D:5      | Killed Eustachio
  4210 | D:5      | Found a sand-covered staircase.
  4274 | Ossuary  | Entered an ossuary
  4434 | Ossuary  | Reached XP level 8. HP: 48/73 MP: 8/8
  4602 | Ossuary  | Noticed a wraith
  4602 | Ossuary  | Noticed a flying skull
  4635 | Ossuary  | Noticed a flying skull
  4637 | Ossuary  | Noticed a flying skull
  4729 | Ossuary  | Noticed a flying skull
  4738 | Ossuary  | Reached skill level 10 in Axes
  4830 | Ossuary  | Noticed a wraith
  4848 | Ossuary  | Slain by a wraith

Illustrated notes

Levels and vault maps discovered:
D:1:      minmay_arrival_glassed_features, layout_basic
D:2:      layout_rooms, nicolae_overflow_crystal_walls, serial_forest,
          infiniplex_forest_straight_4, infiniplex_forest_straight_2,
          infiniplex_forest_clump_small, infiniplex_forest_clump_small,
          infiniplex_forest_diagonal, infiniplex_forest_lined_3,
          infiniplex_forest_zigzag_1, infiniplex_forest_lined_2,
          fedhas_ov_isle_minmay, uniq_jessica
D:3:      layout_loops_ring, makhleb_blood_cavern_becter
D:4:      layout_loops_corners, chequers_temple_overflow_minitemple
D:5:      wander_guarded_unrand_ratskin, layout_loops_corners,
          kennysheep_mini_moat, enter_ossuary_4, first_ration,
          uniq_blork_the_orc, uniq_eustachio
Ossuary:  ossuary_due_cavern

Skill      XL: |  1  2  3  4  5  6  7  8 |
---------------+-------------------------+-----
Axes           | 3 4 5 6 8 9 10 | 10.0
Fighting       | 4 5 6 7 |  7.2
Armour         | |  3.2
Shields        | |  3.2

Action                   |  1- 3 |  4- 6 |  7- 9 || total
-------------------------+-------+-------+-------++-------
Melee: War axe           |   106 |   178 |    97 ||   381
  Use: Scroll            |     4 |     6 |       ||    10
       Potion            |       |       |     1 ||     1
  Eat: Ration            |     1 |     2 |     1 ||     4
Armor: Scale mail        |    61 |    62 |    32 ||   155
Dodge: Dodged            |    22 |    49 |    17 ||    88
Block: Kite shield       |    57 |    82 |    26 ||   165

Table legend:
 A = Non-vault XP
 B = Vault XP
 C = Vault XP percentage of total XP
 D = Non-vault monster count
 E = Vault monster count
 F = Vault count percentage of total count
                 A         B        C        D         E       F
            +---------+---------+-------+---------+---------+-------
      Total |     891 |     477 |  34.9 |     106 |      17 |  13.8
            +---------+---------+-------+---------+---------+-------
        D:1 |      45 |       0 |   0.0 |      24 |       0 |   0.0
        D:2 |      86 |      37 |  30.1 |      31 |       1 |   3.1
        D:3 |     312 |      43 |  12.1 |      35 |       1 |   2.8
        D:4 |     283 |       0 |   0.0 |      12 |       0 |   0.0
        D:5 |     165 |     205 |  55.4 |       4 |       3 |  42.9
    Ossuary |       0 |     192 | 100.0 |       0 |      12 | 100.0
            +---------+---------+-------+---------+---------+-------
